 Dungeon Crawl Stone Soup version 0.24-a0-412-ge138f7e (webtiles) character file.

Game seed: 17279194122125111438

56 Spazmo the Firebug (level 3, -2/19 HPs)
             Began as a Deep Elf Fire Elementalist on June 6, 2019.
             Slain by an orc
             ... wielding a +0 short sword
              (5 damage)
             ... on level 2 of the Dungeon.
             The game lasted 00:03:45 (1472 turns).

Spazmo the Firebug (Deep Elf Fire Elementalist)     Turns: 1472, Time: 00:03:46

Health: -2/19      AC:  5    Str:  5    XL:     3   Next: 69%
Magic:  0/10       EV: 13    Int: 20    God:
Gold:   52         SH:  0    Dex: 15    Spells: 3/9 levels left

rFire    . . .     SeeInvis .   d - +0 short sword
rCold    . . .     Gourm    .   (no shield)
rNeg     . . .     Faith    .   a - +0 robe
rPois    .         Spirit   .   n - +0 helmet
rElec    .         Reflect  .   (no cloak)
rCorr    .         Harm     .   i - +1 pair of gloves
MR       .....                  (no boots)
Stlth    ++........             (no amulet)
HPRegen  0.06/turn              h - ring of flight
MPRegen  0.12/turn              (no ring)

@: very slightly contaminated
A: no striking features
a: Evoke Flight


You were on level 2 of the Dungeon.
You were hungry.

You visited 1 branch of the dungeon, and saw 3 of its levels.

You collected 52 gold pieces.

Inventory:

Hand Weapons
 d - a +0 short sword (weapon)
Missiles
 l - 7 stones (quivered)
Armour
 a - a +0 robe (worn)
 i - a +1 pair of gloves (worn)
 n - a +0 helmet (worn)
Jewellery
 h - a ring of flight (left hand)
Scrolls
 e - a scroll of teleportation
 m - a scroll of enchant armour
 o - a scroll of remove curse
Potions
 f - a potion of invisibility {unknown}
 j - a potion of mutation {unknown}
Comestibles
 b - a chunk of flesh
 c - 3 rations


   Skills:
 - Level 3.0 Dodging
 - Level 3.0 Stealth
 + Level 3.7 Spellcasting
 + Level 2.1 Conjurations
 + Level 3.8 Fire Magic


You had 3 spell levels left.
You knew the following spells:

 Your Spells              Type           Power        Failure   Level  Hunger
a - Flame Tongue          Conj/Fire      ###..        4%          1    None
b - Throw Flame           Conj/Fire      ###...       6%          2    ##.....
c - Conjure Flame         Conj/Fire      ###.....     12%         3    ###....

Your spell library contained the following spells:

 Spells                   Type           Power        Failure   Level  Hunger
 Inner Flame              Hex/Fire       ##......     19%         3    ###....
 Sticky Flame             Conj/Fire      ###.....     36%         4    ####...
 Fireball                 Conj/Fire      ###.......   73%         5    ######.


Dungeon Overview and Level Annotations

Branches:
Dungeon (3/15)

Altars:
Wu Jian


Message History

* * * LOW HITPOINT WARNING * * *
You see here a bat skeleton.
The orc hits you but does no damage.
Casting: Flame Tongue (safe; 4% risk of failure)
Confirm with . or Enter, or press ? or * to list all spells.
Aiming: Flame Tongue (safe; 4% risk of failure)
Press: ? - help, Shift-Dir - straight line, f/p - orc
Aim: an orc, wielding a +0 short sword and wearing a +0 ring mail (heavily wounded)
You miscast Flame Tongue.
Nothing appears to happen.
The orc closely misses you.
There is a stone staircase leading down here.
Casting: Flame Tongue (safe; 4% risk of failure)
Confirm with . or Enter, or press ? or * to list all spells.
Aiming: Flame Tongue (safe; 4% risk of failure)
Press: ? - help, Shift-Dir - straight line, f/p - orc
Aim: an orc, wielding a +0 short sword and wearing a +0 ring mail (moderately wounded)
The flame tongue hits the orc but does no damage.
The orc is moderately wounded.
The orc hits you with a +0 short sword.
You die...

#...........####...####.#
######.###### ##.## #.#
#.#### #.# #.# #....#
#(#####.#
####.#######.##....#
#.#.......##....#
#.#.########...######
###.#.###.........รท...#
#.....@os>....#.#####.#
######.#.#.###.###....# #.#
#......#.....#.# #..#.# #.#
#..........#.#.###..#.####.#
#..###'###...#.#....#....#.#
##.# #.# #.#.....#######..>.
#.###.###...#.#....#......#
#.+.._..'.###......#.)....#
#.#######..........#..###.#


You could see an orc and a giant cockroach.

Vanquished Creatures
  3 adders
  A worm (D:2)
  An orc (D:2)
  2 giant cockroaches (D:1)
  2 goblins
  2 hobgoblins (D:1)
  3 kobolds (D:2)
  6 bats
  2 frilled lizards (D:2)
  4 rats
26 creatures vanquished.

Notes
Turn   | Place    | Note
-------+----------+-------------------------------------------
     0 | D:1      | Spazmo the Deep Elf Fire Elementalist began the quest for
                  | the Orb.
     0 | D:1      | Reached XP level 1. HP: 10/10 MP: 6/6
   305 | D:1      | Reached XP level 2. HP: 15/15 MP: 6/8
   309 | D:1      | Learned a level 2 spell: Throw Flame
   884 | D:2      | Reached XP level 3. HP: 19/19 MP: 1/10
   889 | D:2      | Learned a level 3 spell: Conjure Flame
   956 | D:2      | Found an ornate altar of the Wu Jian Council.
  1472 | D:2      | Slain by an orc

Levels and vault maps discovered:
D:1:      minmay_arrival_diagonal_passages, layout_basic, palyth_stone_intersect
D:2:      layout_loops_ring, lemuel_doored_altar
D:3:      layout_basic, dk_vineyard_3

Skill      XL: |  1  2  3 |
---------------+----------+-----
Stealth        | 3 |  3.0
Dodging        | 3 |  3.0
Conjurations   | 2 |  2.1
Spellcasting   | |  3.7
Fire Magic     | |  3.8

Action                   || total
-------------------------++-------
Throw: Stone             ||     1
 Cast: Flame Tongue      ||    56
       Throw Flame       ||     2
  Use: Scroll            ||     5
  Eat: Chunk             ||     1
Armor: Robe              ||     6
Dodge: Dodged            ||    18

Table legend:
 A = Non-vault XP
 B = Vault XP
 C = Vault XP percentage of total XP
 D = Non-vault monster count
 E = Vault monster count
 F = Vault count percentage of total count
                 A         B        C        D         E       F
            +---------+---------+-------+---------+---------+-------
      Total |      80 |       0 |   0.0 |      26 |       0 |   0.0
            +---------+---------+-------+---------+---------+-------
        D:1 |      14 |       0 |   0.0 |       8 |       0 |   0.0
        D:2 |      50 |       0 |   0.0 |      14 |       0 |   0.0
        D:3 |      16 |       0 |   0.0 |       4 |       0 |   0.0
            +---------+---------+-------+---------+---------+-------
